 Dungeon Sprint DCSS version 0.27-a0-695-gb4952372f7 (webtiles) character file.

Game seed: 10046256175733774024

38784 mhtbhm the Shatterer (level 13, -1/158 HPs)
             Began as a Troll Berserker on Mar 21, 2021.
             Was a High Priest of Trog.
             Slain by a deep elf blademaster
             ... wielding a +0 rapier
              (19 damage)
             ... in the Dungeon (Sprint VII: "The Pits").
             The game lasted 00:09:31 (3175 turns).

mhtbhm the Shatterer (Troll Berserker)              Turns: 3175, Time: 00:09:32

Health: -1/158     AC:  8    Str: 32    XL:     13   Next: 65%
Magic:  12/12      EV: 13    Int:  6    God:    Trog [*****.]
Gold:   32         SH:  0    Dex:  9    Spells: 12/12 levels left

rFire    . . .     SeeInvis .   a - +6 giant spiked club (flame)
rCold    . . .     Faith    .   (shield currently unavailable)
rNeg     . . .     Spirit   .   b - +0 animal skin
rPois    +         Reflect  .   q - +1 hat {Int+3}
rElec    .         Harm     .   (no cloak)
rCorr    .         Rampage  .   (gloves unavailable)
Will     ++...     NoTele   +   (boots unavailable)
Stlth    +.........             (no amulet)
HPRegen  2.36/turn              l - +3 ring of protection
MPRegen  0.13/turn              w - ring of poison resistance

@: berserk cooldown, very slightly contaminated, regenerating, hasted and
slowed, invisible
A: large, unfitting armour, claws 3, regeneration 1, shaggy fur 1, tough skin 1
a: Renounce Religion, Berserk, Trog's Hand, Brothers in Arms


You were in the Dungeon.
You worshipped Trog.
Trog was extremely pleased with you.
You visited 1 branch You collected 32 gold pieces.

Inventory:

Hand Weapons
 a - a +6 giant spiked club of flaming (weapon)
Missiles
 k - 3 large rocks (quivered)
Armour
 b - a +0 animal skin (worn)
 q - a +1 hat of intelligence (worn)
Jewellery
 l - a +3 ring of protection (right claw)
 m - a ring of ice
 w - a ring of poison resistance (left claw)
 A - a ring of resist corrosion
Scrolls
 h - a scroll of blinking
 j - a scroll of summoning
 r - 2 scrolls of enchant armour
 s - 3 scrolls of identify
 t - a scroll of fog
 u - a scroll of fear
Potions
 c - 5 potions of curing
 d - 5 potions of heal wounds
 e - 2 potions of haste
 f - 4 potions of magic
 g - 3 potions of berserk rage
 i - a potion of invisibility
 n - 3 potions of resistance
 o - a potion of might
 p - 5 potions of mutation
Miscellaneous
 y - a phial of floods
 z - a lightning rod (4/4)


   Skills:
 + Level 18.0 Fighting
 + Level 22.2 Maces & Flails
 + Level 13.0 Dodging
 - Level 0.5 Stealth


You had 12 spell levels left.
You didn't know any spells.
Your spell library was empty.

Dungeon Overview and Level Annotations

Branches:
Dungeon (1/1)

Altars:
Ashenzari
Cheibriados
Dithmenos
Elyvilon
Fedhas
Gozag
Hepliaklqana
Kikubaaqudgha
Makhleb
Nemelex Xobeh
Okawaru
Qazlal
Ru
Sif Muna
Trog
Uskayaw
Vehumet
Wu Jian
Xom
Yredelemnul
Zin
The Shining One
Beogh
Jiyva
Lugonu


Innate Abilities, Weirdness & Mutations

You are too large for most types of armour.
You have claws for hands.
Your natural rate of healing is unusually fast.
You are covered in fur. (AC +1)
You have tough skin. (AC +1)


Message History

The vault guard hits you with a +0 great mace!!
You hear a shout!
You hear a deafening roar!
You stick the vault guard like a pincushion!!!
You burn the vault guard.
The vault guard is severely wounded.
The vault guard hits you with a +0 great mace.
Unknown command.
You closely miss the vault guard.
The vault guard is severely wounded.
The yaktaur captain wields a +0 arbalest.
The yaktaur captain shoots a bolt.
The bolt hits the orc knight!!
The vault guard hits you with a +0 great mace!
The deep elf blademaster hits you with a +0 rapier!
* * * LOW HITPOINT WARNING * * *
The deep elf blademaster hits you with a +0 rapier.
* * * LOW HITPOINT WARNING * * *
Unknown command.
You feel much better.
The orc knight no longer looks unusually strong.
The deep elf blademaster completely misses you.
The deep elf blademaster hits you with a +0 rapier!!
* * * LOW HITPOINT WARNING * * *
The vault guard hits you with a +0 great mace!
* * * LOW HITPOINT WARNING * * *
The yaktaur captain shoots a bolt.
The bolt hits the orc knight!!
Unknown command.
Okay, then.
You feel much better.
The orc knight no longer looks unusually strong.
The deep elf blademaster hits you with a +0 rapier!
The deep elf blademaster closely misses you.
A black draconian comes into view. It is wielding a +0 trident.
The nagaraja gestures wildly while chanting.
The nagaraja seems to speed up.
The vault guard hits you with a +0 great mace!
* * * LOW HITPOINT WARNING * * *
The deep elf blademaster hits you with a +0 rapier!!
* * * LOW HITPOINT WARNING * * *
The deep elf blademaster hits you with a +0 rapier!!
You die...

++,,*,,*,,,,,,,,,,,,,,,*,,*,,*#.#
#*****************************#'#
###############################'#
..).............................#
..[)..............)[............#
##############''##############..#
#,,*,,*,,,,#..)...#,,,,*,,*,,#..#
#,,*,,**++*#....).#*++**,,*,,#..#
#,,,,,*,,,,#..)e@.#,,,,*,,,,,#..#
#,,****,,,,###op###,,,,****,,#..#
#,,+,,,,...dco.D.oN.oDe,,,+,,#..#
#,,****,...BocmN.m.....****,,#..#
#,,,,,*,p####o...####..*,,,,,#..#
#,,*,,*,,*,,#....#,,*,,*,,*,,#..#
#,,*,,*,,+,,##..##,,+,,*,,*,,#..#
#************####*************++*
############******************++*


You could see a deep elf blademaster, a black draconian (wandering), a fire
dragon, a nagaraja (fast), a merfolk javelineer, 2 yaktaur captains, a vault
guard, 4 orc knights and a soldier ant.

Vanquished Creatures
  A pandemonium lord (D)
  A Brimstone Fiend (D)
  2 quicksilver dragons (D)
  A titan (D)
  A deep elf master archer (D)
  Gastronok (D)
  Ilsuiw (D)
  2 orc warlords (D)
  An emperor scorpion (D)
  A ghost moth (D)
  A lorocyproca (D)
  A deep elf death mage (D)
  A boulder beetle (D)
  A naga warrior (D)
  2 two-headed ogres (D)
  A sun demon (D)
  A vampire mage (D)
  A spriggan (D)
  A sixfirhy (D)
  A spriggan druid (D)
  A flayed ghost (D)
  A deep elf pyromancer (D)
  3 orc knights (D)
  An elephant (D)
  A cyclops (D)
  3 rime drakes (D)
  A freezing wraith (D)
  A guardian mummy (D)
  3 hellwings (D)
  3 hornets (D)
  A troll (D)
  10 dream sheep (D)
  A redback (D)
  2 wraiths (D)
  6 yaks (D)
  A steam dragon (D)
  A neqoxec (D)
  2 nagas (D)
  Menkaure (D)
  An acid dragon (D)
  2 orc warriors (D)
  A black bear (D)
  A centaur (D)
  A phantom (D)
  A bullfrog (D)
  5 wights (D)
  A quasit (D)
  A hound (D)
  An orc priest (D)
  A jelly (D)
  An iguana (D)
  A hell rat (D)
  A worker ant (D)
  4 gnolls (D)
  3 adders (D)
  A river rat (D)
  A white imp (D)
  An ooze (D)
  2 worms (D)
  3 orcs (D)
  A bat (D)
  A bat skeleton (D)
  2 ball pythons (D)
  A frilled lizard (D)
  A kobold (D)
  A rat (D)
107 creatures vanquished.

Vanquished Creatures (collateral kills)
  A merfolk javelineer (D)
  An ogre mage (D)
  A deep elf pyromancer (D)
  2 orc knights (D)
  A merfolk siren (D)
  A cane toad (D)
  2 dream sheep (D)
  A neqoxec (D)
  A warg (D)
  3 ogres (D)
  A gnoll shaman (D)
  2 gnolls (D)
  A leopard gecko (D)
  An orc (D)
  A ball python (D)
  A goblin (D)
21 creatures vanquished.

Grand Total: 128 creatures vanquished

Notes
Turn   | Place    | Note
-------+----------+-------------------------------------------
     0 | D        | mhtbhm the Troll Berserker began the quest for the Orb.
     0 | D        | Reached XP level 1. HP: 22/22 MP: 0/0
    19 | D        | Found a bloodstained altar of Trog.
    19 | D        | Found a shimmering blue altar of Sif Muna.
    19 | D        | Found a viscous altar of Jiyva.
    19 | D        | Found a hazy altar of Hepliaklqana.
    19 | D        | Found an opulent altar of Gozag.
    65 | D        | Reached ** piety under Trog
    66 | D        | Reached skill level 3 in Maces & Flails
    79 | D        | Reached XP level 2. HP: 7/31 MP: 1/1
   208 | D        | Reached *** piety under Trog
   209 | D        | Reached skill level 4 in Maces & Flails
   232 | D        | Reached XP level 3. HP: 23/39 MP: 2/2
   274 | D        | Found a glowing golden altar of the Shining One.
   274 | D        | Found a glowing silver altar of Zin.
   274 | D        | Found a basalt altar of Yredelemnul.
   274 | D        | Found a shimmering altar of Xom.
   274 | D        | Found an ornate altar of the Wu Jian Council.
   274 | D        | Found a sacrificial altar of Ru.
   274 | D        | Found a stormy altar of Qazlal.
   274 | D        | Found an iron altar of Okawaru.
   274 | D        | Found a sparkling altar of Nemelex Xobeh.
   274 | D        | Found a burning altar of Makhleb.
   274 | D        | Found a blossoming altar of Fedhas.
   274 | D        | Found a white marble altar of Elyvilon.
   274 | D        | Found a shadowy altar of Dithmenos.
   274 | D        | Found a snail-covered altar of Cheibriados.
   275 | D        | Found a radiant altar of Vehumet.
   275 | D        | Found a corrupted altar of Lugonu.
   321 | D        | Reached **** piety under Trog
   340 | D        | Reached skill level 5 in Maces & Flails
   357 | D        | Reached XP level 4. HP: 17/49 MP: 3/3
   512 | D        | Noticed Menkaure
   516 | D        | Killed Menkaure
   516 | D        | Reached ***** piety under Trog
   517 | D        | Reached skill level 5 in Fighting
   517 | D        | Reached skill level 7 in Maces & Flails
   517 | D        | Reached skill level 5 in Dodging
   517 | D        | Reached XP level 5. HP: 49/59 MP: 4/4
   567 | D        | Noticed a centaur
   571 | D        | Killed a centaur
   571 | D        | Received a gift from Trog
   572 | D        | Reached skill level 8 in Maces & Flails
   572 | D        | Reached XP level 6. HP: 61/67 MP: 5/5
   679 | D        | Noticed an orc warrior
   685 | D        | Killed an orc warrior
   686 | D        | Reached skill level 9 in Maces & Flails
   733 | D        | Noticed a cyclops
   733 | D        | Noticed an orc warrior
   745 | D        | Killed an orc warrior
   746 | D        | Reached skill level 10 in Maces & Flails
   746 | D        | Reached XP level 7. HP: 59/78 MP: 6/6
   751 | D        | Killed a cyclops
   752 | D        | Reached skill level 11 in Maces & Flails
   993 | D        | Found a hide-covered altar of Uskayaw.
   993 | D        | Found an ancient bone altar of Kikubaaqudgha.
   993 | D        | Found a broken altar of Ashenzari.
  1034 | D        | Reached XP level 8. HP: 77/88 MP: 7/7
  1046 | D        | Noticed a boulder beetle
  1046 | D        | Noticed a hellwing
  1059 | D        | Killed a hellwing
  1059 | D        | Received a gift from Trog
  1060 | D        | Reached skill level 12 in Maces & Flails
  1134 | D        | Killed a boulder beetle
  1135 | D        | Reached skill level 13 in Maces & Flails
  1135 | D        | Reached XP level 9. HP: 76/98 MP: 8/8
  1153 | D        | Noticed a flayed ghost
  1153 | D        | Noticed a deep elf pyromancer
  1158 | D        | Killed a deep elf pyromancer
  1159 | D        | Reached skill level 14 in Maces & Flails
  1160 | D        | Reached ****** piety under Trog
  1169 | D        | Killed a flayed ghost
  1170 | D        | Reached skill level 10 in Fighting
  1317 | D        | Noticed Gastronok
  1317 | D        | Noticed a troll
  1326 | D        | Killed Gastronok
  1327 | D        | Reached skill level 15 in Maces & Flails
  1327 | D        | Reached XP level 10. HP: 111/111 MP: 9/9
  1381 | D        | Received a gift from Trog
  1394 | D        | Noticed a deep elf pyromancer
  1398 | D        | Killed a deep elf pyromancer
  1398 | D        | Received a gift from Trog
  1446 | D        | Noticed a sixfirhy
  1447 | D        | Noticed a spriggan druid
  1451 | D        | Reached skill level 16 in Maces & Flails
  1451 | D        | Killed a spriggan druid
  1454 | D        | Killed a sixfirhy
  1510 | D        | Received a gift from Trog
  1511 | D        | Reached skill level 17 in Maces & Flails
  1513 | D        | Reached skill level 10 in Dodging
  1519 | D        | Reached XP level 11. HP: 123/123 MP: 10/10
  1526 | D        | Received a gift from Trog
  1581 | D        | Noticed a spriggan rider
  1595 | D        | Killed a spriggan rider
  1603 | D        | Received a gift from Trog
  1613 | D        | Killed a lorocyproca
  1614 | D        | Reached skill level 18 in Maces & Flails
  1621 | D        | HP: 5/124 [cane toad (9)]
  1622 | D        | Received a gift from Trog
  1858 | D        | Noticed a two-headed ogre
  1902 | D        | Killed a two-headed ogre
  1971 | D        | Received a gift from Trog
  1979 | D        | Reached skill level 19 in Maces & Flails
  1980 | D        | Received a gift from Trog
  2038 | D        | Noticed a naga warrior
  2052 | D        | Killed a naga warrior
  2104 | D        | Noticed a vampire mage
  2110 | D        | Killed a vampire mage
  2110 | D        | Received a gift from Trog
  2111 | D        | Reached XP level 12. HP: 130/139 MP: 11/11
  2266 | D        | Killed a ghost moth
  2317 | D        | Noticed a titan
  2321 | D        | Killed a titan
  2322 | D        | Reached skill level 20 in Maces & Flails
  2358 | D        | Noticed a deep elf master archer
  2363 | D        | Killed a deep elf master archer
  2364 | D        | Reached skill level 15 in Fighting
  2450 | D        | Noticed an ogre mage
  2450 | D        | Noticed a two-headed ogre
  2450 | D        | Noticed an emperor scorpion
  2450 | D        | Noticed a deep elf death mage
  2451 | D        | Found the +15 Maxwell's patent armour {-Cast -Tele rElec
                  | Will+ rCorr}
  2455 | D        | Killed a two-headed ogre
  2460 | D        | Killed a ghostly two-headed ogre
  2460 | D        | Received a gift from Trog
  2468 | D        | Killed an emperor scorpion
  2470 | D        | Killed a deep elf death mage
  2480 | D        | Killed an ogre mage
  2480 | D        | Received a gift from Trog
  2776 | D        | Noticed a Brimstone Fiend
  2781 | D        | Killed a Brimstone Fiend
  2822 | D        | Noticed a quicksilver dragon
  2829 | D        | Killed a quicksilver dragon
  2830 | D        | Reached skill level 21 in Maces & Flails
  2830 | D        | Reached XP level 13. HP: 154/154 MP: 12/12
  2872 | D        | Noticed Goas the pandemonium lord
  2892 | D        | Noticed a cacodemon
  2895 | D        | Killed Goas the pandemonium lord
  2952 | D        | Noticed a quicksilver dragon
  2959 | D        | Killed a quicksilver dragon
  3148 | D        | Noticed Ilsuiw
  3148 | D        | Noticed a merfolk javelineer
  3148 | D        | Noticed a merfolk javelineer
  3149 | D        | Noticed an orc warlord
  3150 | D        | Noticed an orc warlord
  3152 | D        | Killed Ilsuiw
  3155 | D        | Killed a merfolk javelineer
  3155 | D        | Received a gift from Trog
  3156 | D        | Noticed a deep elf blademaster
  3157 | D        | Killed an orc warlord
  3158 | D        | Reached skill level 22 in Maces & Flails
  3160 | D        | Noticed a nagaraja
  3160 | D        | Noticed a fire dragon
  3168 | D        | Killed an orc warlord
  3170 | D        | Received a gift from Trog
  3175 | D        | Noticed a black draconian
  3175 | D        | Slain by a deep elf blademaster

Illustrated notes

Levels and vault maps discovered:
D:        pitsprint [storerooms_1, entrance_room_1, metal_vault_2, armoury_1,
          mini_pit_1, grid_room_1, main_hall_1, silver_pit, the_coven_3,
          the_vestibule_1, steel_vault_4, golden_pit, hallway_of_sentries,
          crystal_vault_1, iron_vault_3, final_vault]

Skill      XL: |  1  2  3  4  5  6  7  8  9 10 11 12 13 |
---------------+----------------------------------------+-----
Maces & Flails | 3 4 5 7 8 10 11 13 15 17 19 21 22 | 22.2
Fighting       | 3 4 5 6 7 9 10 12 14 16 18 | 18.0
Dodging        | 3 4 5 6 7 8 9 10 11 12 13 | 13.0
Stealth        | |  0.5

Action                   |  1- 3 |  4- 6 |  7- 9 | 10-12 | 13-15 || total
-------------------------+-------+-------+-------+-------+-------++-------
Melee: Mace              |    52 |     6 |       |       |       ||    58
       Morningstar       |       |    24 |     9 |       |       ||    33
       Dire flail        |       |       |    39 |       |       ||    39
       Great mace        |       |       |    21 |    11 |       ||    32
       Giant club        |       |       |       |   150 |       ||   150
       Giant spiked club |       |       |       |    10 |    26 ||    36
Throw: Large rock        |       |       |       |       |     1 ||     1
Invok: Berserk           |     1 |     3 |     3 |    13 |     2 ||    22
       Brothers in Arms  |       |       |       |     5 |     5 ||    10
       Trog's Hand       |       |       |       |       |     2 ||     2
Evoke: Lightning rod     |       |       |       |       |     1 ||     1
  Use: Potion            |       |       |       |     4 |    11 ||    15
       Scroll            |       |       |       |     1 |     2 ||     3
 Stab: Invisible         |       |       |       |       |     4 ||     4
Armor: Animal skin       |    10 |     2 |    14 |    30 |     2 ||    58
Dodge: Dodged            |    29 |    11 |    25 |    82 |    15 ||   162

Table legend: (Time is in decaauts)
 A = Elapsed time spent in this place.
 B = Non-inter-level travel time spent in this place.
 C = Inter-level travel time spent in this place.
 D = Time resting spent in this place.
 E = Time spent auto-exploring this place.
 F = Levels seen in this place.
 G = Mean time per level.
                   A        B        C        D        E       F      G
               +--------+--------+--------+--------+--------+-----+--------+
         Total |   3305 |   3305 |      0 |   1969 |     73 |   1 | 3305.0 |
       Dungeon |   3305 |   3305 |      0 |   1969 |     73 |   1 | 3305.0 |
               +--------+--------+--------+--------+--------+-----+--------+

Top non-repeatable levels by time:
       D: 3305 daAuts
